 Dungeon Crawl Stone Soup version 0.28-a0-500-g121bc3e445 (webtiles) character file.

Game seed: 18407990024155645547

271 Rohain the Magician (level 6, -3/60 HPs)
             Began as a Djinni Fire Elementalist on Sept 19, 2021.
             Slain by a yak (10 damage)
             ... on level 4 of the Dungeon.
             The game lasted 00:07:33 (4808 turns).

Rohain the Magician (Djinni Fire Elementalist)      Turns: 4808, Time: 00:07:33

Health: -3/60      AC: 23    Str:  7    XL:     6   Next: 47%
Gold:   137        EV:  2    Int: 19    God:
                   SH:  0    Dex: 13

rFire   . . .      SeeInvis .   e - +4 dagger
rCold   . . .      Faith    .   (no shield)
rNeg    + + +      Spirit   .   (armour currently unavailable)
rPois   ∞          Reflect  .   (helmet currently unavailable)
rElec   .          Harm     .   (cloak currently unavailable)
rCorr   .          Rampage  .   (gloves currently unavailable)
Will    .....      NoTele   +   (boots unavailable)
Stlth   ++........              (no amulet)
HPRegen 0.20/turn               (no ring)
MPRegen 0.00/turn               (no ring)

@: tree-form
A: stationary, stasis, torment immunity, boosted hp, sickness immunity, (fire
resistance 2), (cold vulnerability 1), float, innate caster, hp casting, extra
vitality 1
a: no special abilities


You were on level 4 of the Dungeon.
You were a tree.
You visited 1 branch of the dungeon, and saw 4 of its levels.

You collected 137 gold pieces.

Inventory:

Hand Weapons
 e - a +4 dagger (weapon)
Armour
 a - a +1 robe (melded)
Magical Staves
 h - a staff of poison
Potions
 b - a potion of lignification


   Skills:
 - Level 2.4 Dodging
 - Level 2.6 Stealth
 * Level 4.8 Spellcasting


You couldn't memorise any spells.
You knew the following spells:

 Your Spells              Type           Power      Damage    Failure   Level
a - Foxfire               Conj/Fire      92%        2x1d8     1%          1
b - Scorch                Fire           46%        2d7       2%          2
c - Conjure Flame         Conj/Fire      23%        6-21      5%          3
d - Inner Flame           Hex/Fire       23%        N/A       5%          3
e - Flame Wave            Conj/Fire      23%        3d6       17%         4
f - Pain                  Necr           92%        1d8       1%          1
g - Blink                 Tloc           N/A        N/A       2%          2
Your spell library was empty.

Dungeon Overview and Level Annotations

Branches:
Dungeon (4/15)
 Temple: D:4-7

Altars:
Kikubaaqudgha
Qazlal

Annotations:
D:4 Eustachio


Innate Abilities, Weirdness & Mutations

You are a tree.
Your roots penetrate the ground, keeping you stationary.
You cannot be teleported.
You are immune to unholy pain and torment.
Your maximum health is greatly increased.
Your equipment is partially melded.
You are immune to sickness and miasma.
You are immune to poison.
((Your flesh is very heat resistant. (rF++)))
((You are vulnerable to cold. (rC-)))
You float through the air rather than walking.
You learn spells naturally, not from books.
Your magical power is your life essence.
You have superior vitality. (+4 HP)


Message History

Casting: Conjure Flame (dangerous; 5% risk of failure)
Confirm with . or Enter, or press ? or * to list all spells.
Flames lash the adder.
You kill the adder!
* * * LOW HITPOINT WARNING * * *
Unknown command.
Okay, then.
As you read the scroll labelled IDYRGH ZOTS, it crumbles to dust.
You speak a Word of immense power!
It was a scroll of holy word.
The yak gores you but does no damage.
As you read the scroll labelled NOPUAMPUQY, it crumbles to dust.
It is a scroll of enchant armour.
Your +0 robe glows green for a moment.
The yak gores you.
* * * LOW HITPOINT WARNING * * *
As you read the scroll labelled GEUXTEERIKH, it crumbles to dust.
You assume a fearsome visage.
The yak looks frightened!
It was a scroll of fear.
A yak is nearby!
Casting: Scorch (safe; 2% risk of failure)
Confirm with . or Enter, or press ? or * to list all spells.
Okay, then.
You start resting.
A yak is nearby!
Casting: Scorch (safe; 2% risk of failure)
Confirm with . or Enter, or press ? or * to list all spells.
You conjure some foxfire!
* * * LOW HITPOINT WARNING * * *
Unknown command.
The foxfire hits the yak.
The yak is lightly wounded.
You hit the yak.
The yak is lightly wounded.
The yak gores you but does no damage.
You barely miss the yak.
The yak is lightly wounded.
The yak gores you but does no damage.
You hit the yak.
The yak is lightly wounded.
The yak gores you!
You die...

#.#....# #.#....#
#.#....#
#..†#.##.#
#.......#
#.#.#.### #.#....#
#Y#....# #♣#....#
#.#....# #.#...##
#.#..#. #.# #.#
########## #.#
#.:....(..
#.#######.#####..#
#.........# #...


You could see a yak.

Vanquished Creatures
  A black bear (D:4)
  An orc priest (D:2)
  An iguana (D:4)
  An orc wizard (D:3)
  3 adders
  A shadow imp (D:3)
  3 worms
  5 orcs (D:3)
  4 bats
  4 endoplasms
  A giant cockroach (D:1)
  4 goblins
  5 hobgoblins
  2 quokkas (D:1)
  6 ball pythons
  3 frilled lizards (D:1)
  8 kobolds
  4 rats
57 creatures vanquished.

Vanquished Creatures (others)
  247 foxfires
247 creatures vanquished.

Grand Total: 304 creatures vanquished

Notes
Turn   | Place    | Note
-------+----------+-------------------------------------------
     0 | D:1      | Rohain the Djinni Fire Elementalist began the quest for the
                  | Orb.
     0 | D:1      | Reached XP level 1. HP: 15/15 MP: 0/0
   447 | D:1      | Reached XP level 2. HP: 15/21 MP: 0/0
  1052 | D:1      | Reached skill level 3 in Spellcasting
  1352 | D:1      | Reached XP level 3. HP: 21/25 MP: 0/0
  1352 | D:1      | Learned a level 1 spell: Pain
  1923 | D:1      | Found a faded altar of an unknown god.
  3008 | D:2      | Reached XP level 4. HP: 13/31 MP: 0/0
  3323 | D:3      | Reached XP level 5. HP: 20/35 MP: 0/0
  3323 | D:3      | Learned a level 2 spell: Blink
  4164 | D:3      | Found a stormy altar of Qazlal.
  4171 | D:3      | Reached skill level 4 in Spellcasting
  4432 | D:4      | Noticed Eustachio
  4589 | D:4      | Noticed a black bear
  4619 | D:4      | Noticed a black bear
  4627 | D:4      | Killed a black bear
  4628 | D:4      | Reached XP level 6. HP: 27/40 MP: 0/0
  4759 | D:4      | Noticed a yak
  4780 | D:4      | HP: 3/60 [yak (5)]
  4808 | D:4      | Slain by a yak

Illustrated notes

Levels and vault maps discovered:
D:1:      roderic_chinese_lattice_arrival, layout_loops_ring,
          basic_ecumenical_altar, minmay_hexomino_p4
D:2:      layout_basic
D:3:      layout_loops_ring, mainiacjoe_overflow_two_lobes
D:4:      wad_river_or_something, layout_basic, gammafunk_temple_overflow_claw,
          lightli_corner_chamber, uniq_eustachio, uniq_robin

Skill      XL: |  1  2  3  4  5 |
---------------+----------------+-----
Spellcasting   | 3 4 |  4.8
Stealth        | 2 |  2.6
Dodging        | |  2.4

Action                   |  1- 3 |  4- 6 || total
-------------------------+-------+-------++-------
Melee: Unarmed           |     1 |       ||     1
       Dagger            |       |     6 ||     6
 Cast: Foxfire           |   118 |    44 ||   162
       Scorch            |     3 |    20 ||    23
       Pain              |     2 |       ||     2
       Conjure Flame     |       |     3 ||     3
       Inner Flame       |       |     1 ||     1
  Use: Scroll            |     1 |     3 ||     4
       Potion            |       |     2 ||     2
Armor: Robe              |     1 |     4 ||     5
       Skin              |       |     5 ||     5
Dodge: Dodged            |    13 |    19 ||    32

Table legend: (Time is in decaauts)
 A = Elapsed time spent in this place.
 B = Non-inter-level travel time spent in this place.
 C = Inter-level travel time spent in this place.
 D = Time resting spent in this place.
 E = Time spent auto-exploring this place.
 F = Levels seen in this place.
 G = Mean time per level.
                   A        B        C        D        E       F      G
               +--------+--------+--------+--------+--------+-----+--------+
         Total |   4808 |   4699 |    109 |    679 |   3540 |   4 | 1202.0 |
       Dungeon |   4808 |   4699 |    109 |    679 |   3540 |   4 | 1202.0 |
               +--------+--------+--------+--------+--------+-----+--------+

Top non-repeatable levels by time:
     D:1: 2072 daAuts
     D:3: 1356 daAuts
     D:2: 1140 daAuts
     D:4: 240 daAuts
